 Dungeon Crawl Stone Soup version 0.28-a0-1518-gbe868bca14 (webtiles) character file.

Game seed: 8837868022234865079

43 hashsling the Gusty (level 3, 0/19 HPs)
             Began as a Tengu Air Elementalist on Jan 16, 2022.
             Slain by a crimson imp (4 damage)
             ... summoned by Natasha
             ... on level 2 of the Dungeon.
             The game lasted 00:02:45 (1320 turns).

hashsling the Gusty (Tengu Air Elementalist)        Turns: 1320, Time: 00:02:48

Health: 0/19       AC:  2    Str:  8    XL:     3   Next: 58%
Magic:  3/7        EV: 12    Int: 17    God:
Gold:   40         SH:  0    Dex: 14    Spells: 5/6 levels left

rFire   . . .      SeeInvis .   c - +3 whip
rCold   . . .      Faith    .   (no shield)
rNeg    . . .      Spirit   .   a - +0 robe
rPois   .          Reflect  .   (helmet restricted)
rElec   .          Harm     .   (no cloak)
rCorr   .          Rampage  .   (no gloves)
Will    .....                   (boots unavailable)
Stlth   ++........              (no amulet)
HPRegen 0.06/turn               (no ring)
MPRegen 0.10/turn               (no ring)

@: very slightly contaminated
A: beak, talons 3
a: no special abilities


You were on level 2 of the Dungeon.
You visited 1 branch of the dungeon, and saw 2 of its levels.

You collected 40 gold pieces.

Inventory:

Hand Weapons
 c - a +3 whip (weapon)
Armour
 a - a +0 robe (worn)
Scrolls
 e - a scroll of amnesia {unknown}
Potions
 b - a potion of curing {unknown}
 d - a potion of brilliance {unknown}


   Skills:
 + Level 2.6 Dodging
 - Level 2.0 Stealth
 + Level 2.3 Spellcasting
 + Level 2.3 Conjurations
 * Level 4.9 Air Magic


You had 5 spell levels left.
You knew the following spells:

 Your Spells              Type           Power      Damage    Failure   Level
a - Shock                 Conj/Air       56%        1d6       4%          1

Your spell library contained the following spells:

 Spells                   Type           Power      Damage    Failure   Level
 Static Discharge         Conj/Air       14%        N/A       6%          2
 Swiftness                Air            18%        N/A       8%          3
 Airstrike                Air            9%         N/A       24%         4


Dungeon Overview and Level Annotations

Branches:
Dungeon (2/15)

Altars:

Annotations:
D:2 Natasha


Innate Abilities, Weirdness & Mutations

You have a beak for a mouth.
You have claws for feet.


Message History

The zap hits the kobold.
The kobold is moderately wounded.
The kobold shouts!
The zap hits the kobold.
You kill the kobold!
b - a brown potion;
e - a scroll labelled AHOLUE KIALOA You now have 40 gold pieces (gained 5).
Things that are here:
a +1 whip of flaming; 5 stones; a kobold corpse Magic restored.
You see here a bat corpse.
Found a stone staircase leading up.
Natasha, Servant of Life and Death comes into view.
You miscast Shock.
You are very lightly contaminated with residual magic.
Nothing appears to happen.
Natasha hisses angrily.
The zap misses Natasha.
Natasha extends her claws.
Natasha mumbles some strange words.
Aiming: Shock (safe; 4% risk of failure)
Press: ? - help, Q - select action Shift-Dir - straight line, f/p - Natasha
Aim: Natasha (64% to hit)
The zap misses Natasha.
The crimson imp hits you.
Hit: c) +3 whip
Press: ? - help, Dir - move target, f/p - Natasha
Aim: Natasha (about 45% to evade your +3 whip)
You hit Natasha.
Natasha is moderately wounded.
Natasha barely misses you. The crimson imp misses you. Natasha claws you!
You see here a +0 club.
The zap hits Natasha.
Natasha is heavily wounded.
Natasha stares at you and mumbles some strange words.
The magic dart hits you!
* * * LOW HITPOINT WARNING * * *
The crimson imp hits you.
You die...

#.##########
#.# #(# #.#
#.# #######
#.# #.....# #.
#.###...?.#...
#.##.........<
#.#..@5......#
#.##..h...#...
#.##†##.###
#.....#.#
####..#..
#..####
####..#
#.....#
#.###)#


You could see Natasha and a crimson imp (summoned).

Vanquished Creatures
  A gnoll (D:1)
  A dart slug (D:1)
  2 ball pythons (D:1)
  6 bats
  2 endoplasms (D:1)
  2 giant cockroaches (D:1)
  A hobgoblin (D:1)
  3 jackals (D:1)
  4 kobolds
  2 quokkas (D:1)
  3 frilled lizards (D:1)
  2 goblins (D:1)
  A rat (D:1)
30 creatures vanquished.

Notes
Turn   | Place    | Note
-------+----------+-------------------------------------------
     0 | D:1      | hashsling the Tengu Air Elementalist began the quest for
                  | the Orb.
     0 | D:1      | Reached XP level 1. HP: 10/10 MP: 4/4
    32 | D:1      | Reached XP level 2. HP: 15/15 MP: 1/6
   358 | D:1      | Reached XP level 3. HP: 17/19 MP: 0/7
  1314 | D:2      | Noticed Natasha
  1320 | D:2      | Slain by a crimson imp

Illustrated notes

Levels and vault maps discovered:
D:1:      onia_arrival_pentagram, layout_basic, hangedman_decor_points
D:2:      minmay_kobold_bridge, layout_loops_ring,
          shapermc_ecumenical_altar_flowoftime, nicolae_underground_beach,
          uniq_natasha, uniq_terence

Skill      XL: |  1  2 |
---------------+-------+-----
Conjurations   | 2 |  2.3
Dodging        | |  2.6
Stealth        | |  2.0
Spellcasting   | |  2.3
Air Magic      | |  4.9

Action                   || total
-------------------------++-------
Melee: Whip              ||    11
       Kick              ||     3
       Peck              ||     1
 Cast: Shock             ||    62
  Use: Scroll            ||     1
Armor: Robe              ||     3
Dodge: Dodged            ||     9

Table legend: (Time is in decaauts)
 A = Elapsed time spent in this place.
 B = Non-inter-level travel time spent in this place.
 C = Inter-level travel time spent in this place.
 D = Time resting spent in this place.
 E = Time spent auto-exploring this place.
 F = Levels seen in this place.
 G = Mean time per level.
                   A        B        C        D        E       F      G
               +--------+--------+--------+--------+--------+-----+--------+
         Total |   1319 |   1304 |     15 |      0 |   1130 |   2 |  659.5 |
       Dungeon |   1319 |   1304 |     15 |      0 |   1130 |   2 |  659.5 |
               +--------+--------+--------+--------+--------+-----+--------+

Top non-repeatable levels by time:
     D:1: 1090 daAuts
     D:2: 228 daAuts
